 Dungeon Crawl Stone Soup version 0.22.0-38-g04b72b8c25 (webtiles) character file.

9 Riddle the Sneak (level 2, -1/19 HPs)
             Began as a Vampire Enchanter on Aug 30, 2018.
             Slain by a leopard gecko (5 damage)
             ... on level 1 of the Dungeon.
             The game lasted 00:01:30 (518 turns).

Riddle the Sneak (Vampire Enchanter)                 Turns: 518, Time: 00:01:30

Health: -1/19      AC:  2    Str:  7    XL:     2   Next: 6%
Magic:  5/5        EV:  7    Int: 17    God:
Gold:   24         SH:  9    Dex: 14    Spells: 4/5 levels left

rFire    . . .     SeeInvis +   a - +1 dagger
rCold    . . .     Gourm    .   f - +0 large shield
rNeg     + . .     Faith    .   b - +0 robe
rPois    .         Spirit   .   (no helmet)
rElec    .         Reflect  .   (no cloak)
rCorr    .         Harm     .   (no gloves)
MR       .....                  (no boots)
Stlth    +++.......             (no amulet)
HPRegen  0.06/turn              (no ring)
MPRegen  0.09/turn              (no ring)

@: no status effects
A: fangs 3, see invisible, unbreathing
a: no special abilities


You were on level 1 of the Dungeon.
You were not thirsty.

You visited 1 branch of the dungeon, and saw 1 of its levels.

You collected 24 gold pieces.

Inventory:

Hand Weapons
 a - a +1 dagger (weapon)
Armour
 b - a +0 robe (worn)
 f - a +0 large shield (worn)
Scrolls
 g - a scroll of identify {unknown}
Potions
 c - a potion of mutation {unknown}
 d - 3 potions of blood
 e - a potion of resistance {unknown}


   Skills:
 + Level 1.1 Short Blades
 + Level 2.2 Dodging
 + Level 5.0 Stealth
 + Level 2.1 Spellcasting
 + Level 4.6 Hexes


You had 4 spell levels left.
You knew the following spells:

 Your Spells              Type           Power        Failure   Level  Hunger
a - Corona                Hex            ###....      58%         1    #......

Your spell library contained the following spells:

 Spells                   Type           Power        Failure   Level  Hunger
 Confuse                  Hex            ###.....     91%         3    ###....
 Tukima's Dance           Hex            ###.....     91%         3    ###....
 Ensorcelled Hibernation  Hex/Ice        #.....       96%         2    ###....
 Dazzling Spray           Conj/Hex       #.....       99%         3    ###....


Dungeon Overview and Level Annotations

Branches:
Dungeon (1/15)

Altars:


Innate Abilities, Weirdness & Mutations

You have razor-sharp teeth.
You have supernaturally acute eyesight. (SInv)
You can survive without breathing.


Message History

You are too injured to fight recklessly!
You are too injured to fight recklessly!
You are too injured to fight recklessly!
You are too injured to fight recklessly!
You are too injured to fight recklessly!
You are too injured to fight recklessly!
You are too injured to fight recklessly!
You are too injured to fight recklessly!
You are too injured to fight recklessly!
A hobgoblin comes into view. It is wielding a club.
The hobgoblin shouts!
The leopard gecko bites you but does no damage.
You hit the leopard gecko.
The leopard gecko is heavily wounded.
The leopard gecko bites you.
* * * LOW HITPOINT WARNING * * *
You miss the leopard gecko.
The leopard gecko is heavily wounded.
The leopard gecko bites you.
You die...

+..#'####.......# #..............
.#)....##.......# #..............
.......##%......# #..#######.##..
.#.....##.......###..#........#..
###..####..†.........#...........
.#..#...'........##..#........#..
...######........##..#....<...#..
.#..# ........#.##..#........# .
###...########.#@##...........# .
.#..#. #...#l##..#........#..
...## .#..g##..##.#######..
.#..#. #.#.#.##..............
###... #.#.##^.............
.#.... # #.###########.####
...... #.###########.#### ......
#.†...........#..l #####
#############.#.##


You could see a leopard gecko and a hobgoblin.

Vanquished Creatures
  A dart slug (D:1)
  A giant cockroach (D:1)
  2 hobgoblins (D:1)
  A bat (D:1)
  3 rats (D:1)
8 creatures vanquished.

Notes
Turn   | Place    | Note
-------+----------+-------------------------------------------
     0 | D:1      | Riddle the Vampire Enchanter began the quest for the Orb.
     0 | D:1      | Reached XP level 1. HP: 13/13 MP: 3/3
   336 | D:1      | Reached skill level 5 in Stealth
   416 | D:1      | Reached XP level 2. HP: 16/19 MP: 5/5
   518 | D:1      | Slain by a leopard gecko

Skill      XL: |  1 |
---------------+----+-----
Stealth        | 5 |  5.0
Short Blades   | |  1.1
Dodging        | |  2.2
Spellcasting   | |  2.1
Hexes          | |  4.6

Action                   || total
-------------------------++-------
Melee: Dagger            ||    41
       Bite              ||     1
 Cast: Corona            ||     1
 Stab: Sleeping          ||     3
Armor: Robe              ||     6
Dodge: Dodged            ||    10
Block: Large shield      ||     8
